 Dungeon Sprint DCSS version 0.30.1-11-g7821555f0a (webtiles) character file.

Game seed: 2981919527462579643

1600000 Groucho the Acrobat (level 12, -27/53 HPs)
             Began as a Spriggan Warper on Dec 9, 2023.
             Was a Follower of Makhleb.
             Annihilated by a meat berserker
             ... wielding a +9 battleaxe
              (44 damage)
             ... in the Dungeon (Sprint VIII: "Arena of Blood").
             The game lasted 00:01:18 (16 turns).

Groucho the Acrobat (Spriggan Warper)                 Turns: 16, Time: 00:01:19

Health: -27/53     AC:  2    Str:  7    XL:     12   Next: 45%
Magic:  8/20       EV: 32    Int: 19    God:    Makhleb [*.....]
Gold:   0          SH:  0    Dex: 15    Spells: 21/21 levels left

rFire   . . .        j - +∞ Axe of Woe
rCold   . . .        (shield currently unavailable)
rNeg    . . .        b - +0 robe
rPois   .            (helmet restricted)
rElec   .            (no cloak)
rCorr   .            (gloves unavailable)
SInv    +            (boots unavailable)
Will    ++...        (no amulet)
Stlth   +            (no ring)
HPRegen 0.28/turn    (no ring)
MPRegen 0.17/turn

%: no teleportation
@: very quick
A: very small, no large weapons, unfitting armour, see invisible, speed 3
a: Renounce Religion


You were in the Dungeon.
You worshipped Makhleb.
Makhleb was aware of your devotion.
You visited 1 branch

Inventory:

Hand Weapons
 a - a +0 hand axe
 j - the +∞ Axe of Woe (weapon)
   (You found it in the Dungeon)
Missiles
 d - 7 boomerangs of dispersal (quivered)
Armour
 b - a +0 robe (worn)
Scrolls
 c - 2 scrolls of blinking
Potions
 e - a potion of curing
 f - a potion of heal wounds
 g - a potion of haste
 h - 2 potions of magic
 i - a potion of berserk rage


   Skills:
 - Level 1.5 Fighting
 * Level 21.6 Axes
 - Level 1.0 Throwing
 + Level 23.3 Dodging
 - Level 5.0 Spellcasting
 - Level 10.0 Translocations


You had 21 spell levels left.
You didn't know any spells.
Your spell library contained the following spells:

 Spells                   Type           Power      Damage    Failure   Level
 Blink                    Tloc           84%        N/A       1%          2
 Lesser Beckoning         Tloc           84%        N/A       1%          2
 Teleport Other           Tloc           42%        N/A       1%          3
 Manifold Assault         Tloc           42%        N/A       1%          4
 Vhi's Electric Charge    Tloc/Air       46%        N/A       4%          3


Dungeon Overview and Level Annotations

Branches:
Dungeon (1/1)

Altars:
Makhleb


Innate Abilities, Weirdness & Mutations

You are very small and have problems with some larger weapons.
You are too small for most types of armour.
You have supernaturally acute eyesight. (SInv)
You cover ground extremely quickly. (Speed+++)


Message History

You start memorising the spell.
You continue memorising.
You hear a shout! x9
You continue memorising.
You hear a shout! x8
You continue memorising.
You hear a shout! x3
The bag of meat hits you with a +9 war axe!!
Your memorisation is interrupted.
Ouch! That really hurt!
You hear a shout! x2
A meat berserker comes into view. It is wielding a +9 battleaxe.
You hear a shout! x4
You slash the bag of meat!
You pulverise the bag of meat into a thin bloody mist.
You kill the bag of meat!
Makhleb accepts your kill.
You can now gain health from killing.
You hit the bag of meat.
You butcher the bag of meat messily.
You kill the bag of meat!
Makhleb accepts your kill.
You hear a shout! x4
Your Axes skill gained 4 levels and is now at level 21!
Your Dodging skill gained 5 levels and is now at level 23!
You have reached level 11!
You have reached level 12!
This spell is dangerous to cast!
Memorise Manifold Assault, consuming 4 spell levels and leaving 17?
You hear a shout! x6
You start memorising the spell.
You continue memorising.
The bag of meat shouts! x2; You hear a shout! x10
You continue memorising.
The bag of meat shouts! x2; You hear a shout! x7
You continue memorising.
The meat berserker appears out of thin air!
The meat berserker shouts!
You hear a shout! x6
The meat berserker closely misses you.
You hear a shout! x4
The meat berserker hits you with a +9 battleaxe!!!
Your memorisation is interrupted.
Ouch! That really hurt!
You die...

O. .. #.. ..#
#.o ..# O###..
..###.
......###...o.O
....._.....
#..O..# .
#_o@O_# .
....#.)o..#....
......._.......
O....o###...o..
.###.. ..###.
#.. ..# #. .#
.. .. .. ..


You could see 6 meat berserkers and 6 bags of meat.

Vanquished Creatures
  3 orcs (D)
3 creatures vanquished.

Notes
Turn   | Place    | Note
-------+----------+-------------------------------------------
     0 | D        | Found the +∞ Axe of Woe
     0 | D        | Groucho the Spriggan Warper began the quest for the Orb.
     0 | D        | Reached XP level 1. HP: 10/10 MP: 5/5
     4 | D        | Became a worshipper of Makhleb the Destroyer
     4 | D        | Noticed a bag of meat
     5 | D        | Noticed a bag of meat
     5 | D        | Noticed a bag of meat
     7 | D        | Killed a bag of meat
     8 | D        | Reached skill level 18 in Dodging
     8 | D        | Reached skill level 5 in Spellcasting
     8 | D        | Reached skill level 10 in Translocations
     8 | D        | Reached XP level 2. HP: 14/14 MP: 6/9
     8 | D        | Reached XP level 3. HP: 18/18 MP: 6/10
     8 | D        | Reached XP level 4. HP: 22/22 MP: 7/12
     8 | D        | Reached XP level 5. HP: 25/25 MP: 7/13
     8 | D        | Reached XP level 6. HP: 30/30 MP: 7/14
     8 | D        | Reached XP level 7. HP: 33/33 MP: 7/15
     8 | D        | Reached XP level 8. HP: 37/37 MP: 7/16
     8 | D        | Reached XP level 9. HP: 41/41 MP: 7/17
     8 | D        | Reached XP level 10. HP: 46/46 MP: 7/18
    10 | D        | Noticed a bag of meat
    11 | D        | Noticed a meat berserker
    12 | D        | Killed a bag of meat
    12 | D        | Reached * piety under Makhleb
    12 | D        | Killed a bag of meat
    13 | D        | Reached skill level 23 in Dodging
    13 | D        | Reached XP level 11. HP: 15/49 MP: 7/19
    13 | D        | Reached XP level 12. HP: 16/53 MP: 7/20
    13 | D        | Noticed a bag of meat
    13 | D        | Noticed a meat berserker
    13 | D        | Noticed a bag of meat
    14 | D        | Noticed a bag of meat
    14 | D        | Noticed a bag of meat
    14 | D        | Noticed a bag of meat
    15 | D        | Noticed a bag of meat
    16 | D        | Noticed a meat berserker
    16 | D        | Noticed a meat berserker
    16 | D        | Noticed a meat berserker
    16 | D        | Noticed a meat berserker
    16 | D        | Annihilated by a meat berserker

Illustrated notes

Levels and vault maps discovered:
D:        meatsprint

Skill      XL: |  1  2  3  4  5  6  7  8  9 10 |
---------------+-------------------------------+-----
Axes           | 17 21 | 21.6
Dodging        | 18 23 | 23.3
Spellcasting   | 5 |  5.0
Translocations | 10 | 10.0
Fighting       | |  1.5
Throwing       | |  1.0

Action                     |  1- 3 |  4- 6 |  7- 9 | 10-12 || total
---------------------------+-------+-------+-------+-------++-------
  Melee: Broad axe         |     1 |       |       |     1 ||     2
  Dodge: Dodged            |       |       |       |     1 ||     1
